 Dungeon Crawl Stone Soup version 0.19-a0-32-gbfd796a (webtiles) character file.

156 namelastname112 the Conjurer (level 5, -7/38 HPs)
             Began as a Draconian Conjurer on May 3, 2016.
             Killed from afar by an orc wizard (10 damage)
             ... with a magic dart
             ... on level 3 of the Dungeon.
             The game lasted 00:04:33 (2037 turns).

namelastname112 the Conjurer (Draconian Conjurer)   Turns: 2037, Time: 00:04:34

Health: -7/38      AC:  6    Str: 11    XL:     5   Next: 15%
Magic:  3/10       EV: 12    Int: 16    God:
Gold:   67         SH:  0    Dex: 11    Spells: 2 memorised, 8 levels left

rFire  . . .     SeeInvis .     k - +0 short sword
rCold  . . .     Gourm    .     (armour unavailable)
rNeg   . . .     Faith    .     (no shield)
rPois  .         Spirit   .     (helmet restricted)
rElec  .         Dismiss  .     j - +0 cloak
rCorr  .         Reflect  .     (no gloves)
SustAt .         Harm     .     (no boots)
MR     .....                    (no amulet)
Stlth  ++........               (no ring)
                                (no ring)

@: slowed, very slow, not resistant to hostile enchantments, unstealthy
A: unfitting armour, deterioration 1, screaming 1, cold-blooded, AC +5
a: no special abilities


You were on level 3 of the Dungeon.
You were not hungry.

You visited 1 branch of the dungeon, and saw 3 of its levels.

You collected 67 gold pieces.

Inventory:

Hand Weapons
 k - a +0 short sword (weapon)
Armour
 j - a +0 cloak (worn)
Wands
 q - a wand of random effects (23/48)
Scrolls
 e - 2 scrolls of identify {unknown}
 h - 2 scrolls of remove curse {unknown}
 i - 2 scrolls of amnesia {unknown}
 m - a scroll of fear {unknown}
 n - 2 scrolls of recharging {unknown}
 o - a scroll of enchant armour {unknown}
 p - 3 scrolls of noise {unknown}
Potions
 g - a potion of heal wounds {unknown}
 l - a potion of cancellation {unknown}
 r - a potion of might {unknown}
 s - a potion of berserk rage {unknown}
Books
 a - a book of Conjurations

   Spells                             Type                      Level
   a - Magic Dart                     Conjuration                  1
   b - Searing Ray                    Conjuration                  2
   c - Dazzling Spray                 Conjuration/Hexes            3
   d - Fulminant Prism                Conjuration/Hexes            4
   e - Iskenderun's Mystic Blast      Conjuration                  4
   f - Iskenderun's Battlesphere      Conjuration/Charms           5
Comestibles
 b - 3 bread rations
 f - a beef jerky
 t - a royal jelly


   Skills:
 - Level 1.7 Dodging
 - Level 1.7 Stealth
 + Level 3.8 Spellcasting
 + Level 5.3 Conjurations


You had 8 spell levels left.
You knew the following spells:

 Your Spells              Type           Power        Failure   Level  Hunger
x - Searing Ray           Conj           ###...       3%          2    ##.....
z - Magic Dart            Conj           ###.         1%          1    None


Dungeon Overview and Level Annotations

Branches:
Dungeon (3/15)

Altars:


Innate Abilities, Weirdness & Mutations

Your plain brown scales are hard (AC +5).
Your body does not fit into most forms of armour.
You are cold-blooded and may be slowed by cold attacks.
Your body sometimes deteriorates upon taking damage.
You occasionally shout uncontrollably at your foes.


Message History

* * * LOW HITPOINT WARNING * * *
The orc wizard hits you with a dagger.
* * * LOW HITPOINT WARNING * * *
You take 8 damage, and have 5/38 hp.
MASSIVE DAMAGE!!
The orc wizard hits you but does no damage.
Drink which item? (? for menu, Esc to quit)
It was a potion of curing.
You feel better. The orc wizard casts a spell at you. The magic dart hits you!
* * * LOW HITPOINT WARNING * * *
The orc wizard casts a spell at you. The magic dart hits you!
* * * LOW HITPOINT WARNING * * *
You take 3 damage, and have 3/38 hp.
Drink which item? (? for menu, Esc to quit)
It was a potion of mutation.
You feel extremely strange.
You feel the urge to shout.
You feel yourself wasting away.
The orc wizard points at you and mumbles some strange words.
The magic dart hits you!
You die...

#.
###################
#.
#....@oogo........#
# #.
#.###############.#
#.#. #.# #)#
#.#.###.# #o#
####....##.# .)o
...........# .....
.>......####
#.....o
.#.###..######.#
#.....## #.#
#.........# ##...##


You could see an orc wizard, 2 orcs and a goblin.

Vanquished Creatures
  An orc priest (D:3)
  Ijyb (D:3)
  4 adders
  A worm (D:3)
  2 dart slugs
  2 giant geckos
  2 orcs (D:3)
  2 ball pythons
  3 giant cockroaches (D:1)
  6 goblins
  3 hobgoblins
  7 kobolds
  10 bats
  6 giant newts
  9 rats
59 creatures vanquished.

Notes
Turn   | Place    | Note
--------------------------------------------------------------
     0 | D:1      | namelastname112 the Draconian Conjurer began the quest for the Orb.
     0 | D:1      | Reached XP level 1. HP: 14/14 MP: 3/3
   184 | D:1      | Reached XP level 2. HP: 20/20 MP: 0/5
   240 | D:1      | Learned a level 2 spell: Searing Ray
   999 | D:2      | Reached XP level 3. HP: 26/26 MP: 4/6
  1312 | D:2      | Reached XP level 4. HP: 18/33 MP: 0/8
  1776 | D:3      | Noticed Ijyb
  1784 | D:3      | Killed Ijyb
  1784 | D:3      | Reached skill level 5 in Conjurations
  2023 | D:3      | Reached XP level 5. HP: 12/38 MP: 1/10
  2037 | D:3      | Gained mutation: You occasionally shout uncontrollably at your foes. [potion of mutation]
  2037 | D:3      | Gained mutation: Your body sometimes deteriorates upon taking damage. [potion of mutation]
  2037 | D:3      | Killed from afar by an orc wizard

Vault maps used:
D:1:      lemuel_arrival_river_passageway, st_stairs_12
D:3:      first_bread, grunt_decor_fettered, minmay_close_crescents,
          uniq_jessica, uniq_iyjb

Skill      XL: |  1  2  3  4 |
---------------+-------------+-----
Spellcasting   | 3 |  3.8
Conjurations   | 5 |  5.3
Dodging        | |  1.7
Stealth        | |  1.7

Action                   |  1- 3 |  4- 6 || total
-------------------------+-------+-------++-------
Melee: Unarmed           |    14 |       ||    14
       Tailslap          |     3 |       ||     3
       Short sword       |    23 |     5 ||    28
 Cast: Magic Dart        |    65 |    31 ||    96
       Searing Ray       |     1 |     3 ||     4
  Use: Potion            |       |     2 ||     2
  Eat: Chunk             |     2 |     2 ||     4
Armor: Skin              |    17 |     4 ||    21
Dodge: Dodged            |    29 |     7 ||    36
